AoeStats
← Plagaeis_The_Wise

Arabia

510014135Analyzed
1v1 RM · 4d ago on Sep 29, 2026· 32m 59s· 2 players
Game mode
Random Map
Map size
Tiny (2 player)
Population
200
Speed
Normal
Resources
Standard
Victory
Conquest
Starting age
Dark Age
Ending age
Imperial Age
RankedLock teamsTeams togetherTeam positionsShared explorationLock speedFull tech treeHidden civsTurbo modeCheats
Victory
Defeat
🇧🇷 Franks · Brazil
939
+16
🇨🇦 Khmer · Canada
949
-46
PhireXPpL
7:03 Loom
10:06 Feudal Age
12:13 Double-Bit Axe
17:58 Wheelbarrow
19:30 Gold Mining
20:03 Scale Barding Armor
24:51 Castle Age
24:37 Forging
24:21 Stone Mining
25:32 Husbandry
26:05 Chain Barding Armor
26:38 Bow Saw
28:10 Iron Casting
29:57 Hand Cart
32:37 Padded Archer Armor
Plagaeis_The_Wise
11:36 Feudal Age
13:41 Double-Bit Axe
13:42 Horse Collar
17:38 Arson
20:07 Scale Mail Armor
20:07 Gold Mining
25:06 Man-at-Arms
25:49 Padded Archer Armor
26:06 Bloodlines
31:32 Scale Barding Armor
Connection lost

Rejoining the realm…

Still unreachable

The connection could not be restored.

Session expired

The server has moved on; the page needs a fresh start.